Cogmind - Beta 15 @@@ ROGUE MODE // 2025.08.07 @ 14:03:48 Player: LameThyst Result: Destroyed by P-60 Hacker with Shock Rifle Performance ------------- Evolutions (4) 2000 Regions Visited (9) 1800 Robots Destroyed (152) 760 Value Destroyed (5497) 5497 Prototype IDs (23) 460 Alien Tech Used (0) 0 Bonus (5275) 5275 TOTAL SCORE: 15792 Bonus ------- Triggered High Security 500 High Alert Combat Kills 964 Follower Combat Kills 2647 Network Hubs Disabled 400 Built Enhanced Grunts 300 Met R17 at Cetus 500 Friendly Fire -36 Cogmind --------- Core Integrity 0/850 Matter 173/300 Energy 50/100 System Corruption 24% Temperature Cool (0) Movement Core (50) Location -6/Hub_04(d) Parts ------- > --- POWER (1) -------- (None) > --- PROPULSION (4) --- (None) > --- UTILITY (7) ------ (None) > --- WEAPON (3) ------- (None) > --- INVENTORY (5) ---- Carbon-fiber Leg Improved Sensor Array Precision Shock Rifle Enhanced Autogun Peak State ------------ > --- POWER ------------ Fission Core > --- PROPULSION ------- Flexi-carbon Leg Flexi-carbon Leg Enhanced Flexi-carbon Leg Enhanced Flexi-carbon Leg > --- UTILITY ---------- Large Storage Unit Improved Signal Interpreter Armor Integrity Analyzer Centrium Medium Armor Plating Centrium Medium Armor Plating Makeshift Hacking Suite Improved Hacking Suite > --- WEAPON ----------- Heavy Plasma Cannon KE Penetrator Powered Hammer > --- INVENTORY -------- Improved Deuterium Engine Carbon-fiber Leg Flexi-carbon Leg Flexi-carbon Leg Flexi-carbon Leg Advanced Heat Sink Improved Sensor Array Transmission Jammer EM Shield System Shield Precision Shock Rifle Enhanced Autogun Proton Missile Launcher Rocket Array Heavy Pick [Rating: 85] Favorites ----------- Power Fission Core Engine Improved Deuterium Engine Power Core Fission Core Reactor Light Antimatter Reactor Propulsion Light Treads Treads Light Treads Leg Improved Carbon-fiber Leg Utility Large Storage Unit Device Improved Sensor Array Storage Large Storage Unit Processor Improved Signal Interpreter Hackware Makeshift Hacking Suite Protection Improved Light Armor Plating Weapon Powered Hammer Energy Gun Heavy Particle Gun Energy Cannon Heavy Plasma Cannon Ballistic Gun Gauss Rifle Ballistic Cannon Improved Light Cannon Launcher Proton Missile Launcher Special Weapon Mining Laser Impact Weapon Powered Hammer Slashing Weapon Ripper Piercing Weapon Heavy Pick Build | -11 -10 -10 -8 -7 -6 -6 -6 -6 -6 ------- Run | Yrd Mat Sub Mat Fac Fac Ext Cet Arc Hub Slots Evolved 8 | . . . 4 2 2 . . . . Power . | . . . . . . . . . . Propulsion 2 | . . . 1 1 . . . . . Utility 5 | . . . 2 1 2 . . . . Weapon 1 | . . . 1 . . . . . . Parts Attached 136 | 8 19 5 28 36 10 18 2 1 9 Power 17 | 1 4 2 2 4 1 2 . . 1 Engine 12 | 1 3 2 . 4 . 1 . . 1 Core 4 | . 1 . 2 . 1 . . . . Reactor 1 | . . . . . . 1 . . . Propulsion 41 | 2 4 1 11 13 2 6 . . 2 Treads 25 | 2 4 1 11 7 . . . . . Leg 16 | . . . . 6 2 6 . . 2 Wheel . | . . . . . . . . . . Hover . | . . . . . . . . . . Flight . | . . . . . . . . . . Utility 41 | 2 4 1 10 8 3 7 2 1 3 Device 15 | 1 2 1 5 2 . 2 . . 2 Storage 4 | 1 2 . 1 . . . . . . Processor 4 | . . . . 1 2 1 . . . Hackware 4 | . . . 1 . . 3 . . . Protection 14 | . . . 3 5 1 1 2 1 1 Artifact . | . . . . . . . . . . Weapon 37 | 3 7 1 5 11 4 3 . . 3 Energy Gun 11 | 2 3 . . 4 . 1 . . 1 Energy Cannon 3 | . 1 1 . . 1 . . . . Ballistic Gun 8 | 1 1 . 2 3 . . . . 1 Ballistic Cannon 4 | . 1 . 1 . . 1 . . 1 Launcher 5 | . . . . 3 2 . . . . Special Weapon 1 | . 1 . . . . . . . . Impact Weapon 2 | . . . 1 1 . . . . . Slashing Weapon 2 | . . . 1 . . 1 . . . Piercing Weapon 1 | . . . . . 1 . . . . Special Melee Weapon . | . . . . . . . . . . Unidentified Prototypes 10 | . . . 1 5 1 . 1 . 2 Corrupted Parts 2 | . . . . . . 2 . . . System Corruption 7 | . . . . . . 7 . . . Parts Lost 38 | . 2 1 2 6 2 7 1 . 17 Power 1 | . . . . . . . . . 1 Propulsion 9 | . . . . 1 . 3 . . 5 Utility 17 | . . 1 2 3 2 3 1 . 5 Weapon 11 | . 2 . . 2 . 1 . . 6 Highest Loss Streak 15 | . 2 1 1 3 1 5 1 . 15 To Critical Strikes . | . . . . . . . . . . Average Backups 13 | 5 13 14 14 14 13 14 14 15 14 Power 1 | 1 1 . 1 1 2 2 2 2 1 Propulsion 2 | . 2 3 2 1 1 3 3 3 2 Utility 4 | . 5 5 6 5 3 3 4 4 4 Weapon 5 | 1 3 5 5 6 6 6 5 5 5 Tool/Special . | . . . . . . . . . . Unused Backups 42 | 1 5 3 14 6 1 5 3 . 4 Power 12 | 1 4 1 2 2 . 2 . . . Propulsion 7 | . 1 . 1 2 . 2 . . 1 Utility 13 | . . 1 5 1 . 1 3 . 2 Weapon 9 | . . 1 5 1 1 . . . 1 Tool/Special 1 | . . . 1 . . . . . . Average Slot Usage (%) 99 | . 99 99 99 99 99 99 100 100 96 Engine 4 | . 11 14 . 6 3 . . . . Core 4 | . 2 . 8 . 2 5 6 6 5 Treads 13 | . 28 28 27 15 . . . . . Leg 13 | . . . . 14 25 25 26 26 24 Device 9 | . 11 11 16 12 12 4 . . 2 Storage 8 | . 16 16 9 7 6 6 6 6 5 Processor 8 | . . . . 6 13 18 20 20 14 Hackware 7 | . . . 8 7 6 10 13 13 12 Protection 3 | . . . 1 2 6 4 6 6 7 Energy Gun 2 | . 10 . . 4 . . . . . Energy Cannon 5 | . 3 14 9 . 3 5 3 6 5 Ballistic Gun 5 | . 9 . . 10 8 2 6 6 3 Ballistic Cannon 4 | . 3 14 8 . . 3 . . 2 Impact Weapon 3 | . . . 4 5 5 4 5 6 5 Peak Build Rating 85 | 8 13 13 30 52 65 70 76 76 85 Average Rating 41 | 6 9 11 24 44 59 65 75 76 75 On Entrance 39 | . 8 9 12 30 48 65 70 76 76 Naked Turns 1 | . . . . . . . . . 1 Heaviest Build 62 | 12 33 39 52 55 58 61 57 53 62 Greatest Support 96 | 40 40 40 60 96 76 80 80 80 96 Greatest Overweight (x) 2 | . . . . 1 1 2 . . . Average Overweight (x) . | . . . . . . . . . . Largest Inventory Capacity 15 | 8 15 15 15 15 15 15 15 15 15 Average Capacity 14 | 7 14 15 15 15 15 15 15 15 14 Most Carried 15 | 8 15 15 15 15 15 15 15 15 15 Average Carried 13 | 5 13 14 14 14 13 14 14 14 14 Final Capacity 15 | 8 15 15 15 15 15 15 15 15 5 Final Carried 15 | 8 15 14 15 15 15 15 15 15 4 Class Distribution -------------------- 49% | Mutant 10% | Assassin 9% | Hacker-Mutant 8% | Scavenger-Mutant 4% | Commander-Mutant 3% | Hacker-Assassin Dominant Class ---------------- Mutant | -10/Materials Mutant | -10/Subcaves Mutant | -8/Materials Mutant | -7/Factory Assassin | -6/Factory Hacker-Mutant | -6/Extension Hacker-Mutant | -6/Cetus Commander-Mutant | -6/Archives Scavenger-Mutant | -6/Hub_04(d) Resources | -11 -10 -10 -8 -7 -6 -6 -6 -6 -6 ----------- Run | Yrd Mat Sub Mat Fac Fac Ext Cet Arc Hub Matter Collected 4728 | 318 458 172 872 1188 409 909 160 28 214 Remotely 36 | . . 36 . . . . . . . Salvage Created 6779 | 285 777 145 1098 1011 597 1244 187 32 1403 Parts 303 | 25 44 8 53 65 16 49 6 . 37 Haulers Intercepted 8 | . 2 . 1 2 2 . . . 1 Recyclers Shooed 5 | . 1 . . 3 1 . . . . Parts Field Recycled . | . . . . . . . . . . Retrieved Matter . | . . . . . . . . . . Parts Self-Destructed 12 | . . 12 . . . . . . . Prevented . | . . . . . . . . . . Kills | -11 -10 -10 -8 -7 -6 -6 -6 -6 -6 ------- Run | Yrd Mat Sub Mat Fac Fac Ext Cet Arc Hub Combat Hostiles Destroyed 90 | . 14 4 17 14 8 17 2 . 14 Melee 3 | . . . . 1 . 2 . . . Guns 26 | . 13 . . 8 3 2 . . . Cannons 31 | . . 4 17 1 2 3 1 . 3 AOE 27 | . 1 . . 4 3 9 . . 10 Classes Destroyed 17 | 2 4 2 5 1 . 1 . . 2 Worker 2 | . . . 1 . . . . . 1 Builder 9 | . . . 3 2 1 1 . . 2 Tunneler 12 | 9 1 . . 1 . . . . 1 Hauler 8 | . 2 . 1 2 2 . . . 1 Recycler 15 | 1 2 . 4 2 . 2 . . 4 Operator 4 | . . . 1 . . 1 . 1 1 Watcher 11 | . 3 . 3 2 2 . 1 . . Swarmer 12 | . 3 . 3 . 3 1 . . 2 Saboteur 1 | . . . . . . 1 . . . Grunt 41 | . 11 1 6 4 3 10 . . 6 Brawler 2 | . . . 2 . . . . . . Duelist 1 | . . . . . . . . . 1 Protector 2 | . . . . . . . . . 2 Sentry 15 | . . 1 4 4 2 4 . . . Hunter 5 | . . . 2 1 . 2 . . . Programmer 5 | . . . . 5 . . . . . Cetus Guard 2 | . . . . . . . 2 . . Lightning 3 | . . . . . . . . . 3 Subdweller 2 | . . 2 . . . . . . . Best Kill Streak 17 | 3 5 2 6 7 4 5 2 1 17 Combat Bots Only 10 | . 4 2 4 4 4 5 1 . 10 Max Kills in Single Turn 13 | 1 1 1 1 3 3 6 1 1 13 Gunslinging . | . . . . . . . . . . Exploded 6 | . 1 . . 3 3 5 . . 6 Melee 1 | . . . . 1 . 1 . . . Uniques/NPCs Destroyed . | . . . . . . . . . . Combat | -11 -10 -10 -8 -7 -6 -6 -6 -6 -6 -------- Run | Yrd Mat Sub Mat Fac Fac Ext Cet Arc Hub Hostile Shots Fired 753 | . 57 16 108 250 73 117 24 2 106 Missed 239 | . 20 3 37 83 28 35 5 1 27 Hits 514 | . 37 13 71 167 45 82 19 1 79 Melee 2 | . . . . . . 1 . . 1 Projectile 512 | . 37 13 71 167 45 81 19 1 78 AOE 15 | . . . . . . . . . 15 Critical Strikes 16 | . 1 . 3 . . 3 3 . 6 Part Disruptions 3 | . . . . 2 . . . . 1 Damage Taken 8788 | . 496 355 852 1773 568 1159 496 23 3066 Core 1186 | . 102 48 54 130 39 111 131 23 548 Absorbed by Shields 113 | . . . . . . 22 91 . . Ignored by Resistances 13 | . . . . . . 13 . . . Regen/Repaired (Parts) 292 | . 9 . . 88 195 . . . . Core Remaining (%) 77 | 100 . 40 90 81 . . . . . Volleys Fired 302 | 38 44 14 59 61 25 31 11 1 18 Largest 3 | 2 2 2 3 3 3 3 3 2 2 Hottest 177 | 70 100 113 177 133 146 174 154 115 138 Shots Fired 646 | 73 88 27 136 140 53 67 25 2 35 Gun 367 | 73 85 . 6 128 39 12 11 1 12 Cannon 248 | . 2 27 130 8 13 43 6 1 18 Launcher 30 | . . . . 4 1 12 8 . 5 Special 1 | . 1 . . . . . . . . Kinetic 329 | 38 33 13 62 81 39 33 11 1 18 Thermal 255 | 31 30 14 74 52 13 22 6 1 12 Explosive 8 | . . . . 2 . 2 . . 4 Electromagnetic 54 | 4 25 . . 5 1 10 8 . 1 Robot Hit Streak 16 | 7 9 5 16 10 15 8 10 . 11 Robot Miss Streak 6 | 3 5 1 4 5 2 5 6 . 6 Penetration Max 1 | . . . . . 1 1 . . 1 Secondary Targets 2 | . 1 . . 1 . . . . . Max Gunslinging Chain 1 | . 1 . . 1 . . . . . Shots Hit Robots 426 | 39 67 12 82 96 38 54 19 1 18 Core Hits 321 | 15 58 5 39 44 19 68 14 1 58 Critical Kills 6 | . . . . 3 1 1 . . 1 Critical Parts Destroyed 7 | . . . 3 . 1 . . 1 2 Critical Strikes 22 | 2 . . 7 5 2 2 . 1 3 Burn 4 | 2 . . . 2 . . . . . Meltdown 1 | . . . . . 1 . . . . Destroy 5 | . . . . 2 . 1 . . 2 Blast 5 | . . . 4 . . 1 . . . Smash 7 | . . . 3 1 1 . . 1 1 Melee Attacks 104 | . . . 13 20 17 18 26 1 9 Impact 91 | . . . 11 20 14 14 23 1 8 Slashing 5 | . . . 2 . . 3 . . . Piercing 8 | . . . . . 3 1 3 . 1 Sneak Attacks 11 | . . . 3 1 1 2 . 1 3 Combat Hostiles . | . . . . . . . . . . Follow-up Attacks . | . . . . . . . . . . Damage Inflicted 15180 | 382 915 280 2017 2740 1557 3279 805 114 3091 Guns 4065 | 382 821 . 54 1794 523 196 144 . 151 Cannons 3498 | . 20 280 1643 157 318 746 127 . 207 Explosions 6031 | . 74 . . 610 643 1753 534 . 2417 Melee 1568 | . . . 320 165 73 584 . 114 312 Ramming 18 | . . . . 14 . . . . 4 Kinetic 3825 | 166 217 135 735 1148 523 557 144 . 200 Thermal 4107 | 190 391 145 962 835 914 385 127 . 158 Explosive 2176 | . . . . 340 . 1091 . . 745 Electromagnetic 3486 | 26 307 . . 238 47 662 534 . 1672 Impact 1329 | . . . 291 165 73 374 . 114 312 Slashing 194 | . . . 29 . . 165 . . . Piercing 45 | . . . . . . 45 . . . Highest Corruption 24 | . 1 1 . 11 1 8 4 4 24 Average Corruption 2 | . 1 1 . 4 1 2 3 4 4 Corruption Purged 5 | . . . . . . 5 . . . Corruption Blocked . | . . . . . . . . . . Effects 115 | . 10 5 . 25 6 37 10 9 13 Message Errors 34 | . 5 1 . 9 2 7 3 3 4 Matter Fused 29 | . . 1 . 6 1 12 3 4 2 Heat Flow Errors 11 | . . 1 . 3 . 3 2 1 1 Energy Discharges 10 | . 2 . . 2 . 3 1 . 2 Parts Rejected 2 | . . . . . . 1 . . 1 Parts Fused 1 | . . . . 1 . . . . . Data Loss (minor) 14 | . 2 1 . 2 1 5 . . 3 Data Loss (major) 6 | . . . . 1 1 2 1 1 . Misfires 5 | . 1 . . . 1 3 . . . Alerts 2 | . . 1 . . . 1 . . . Weapon Failures 1 | . . . . 1 . . . . . Overload Shots . | . . . . . . . . . . Overflow Damage 954 | . . . 277 83 169 84 6 114 221 Projectiles 16 | . . . 8 . 8 . . . . Explosions 120 | . . . . . 88 8 6 . 18 Melee 818 | . . . 269 83 73 76 . 114 203 Knockbacks 19 | . . 1 12 . . 1 . 2 3 Impact 7 | . . . 3 . . 1 . 1 2 Kinetic 11 | . . 1 9 . . . . . 1 Secondary 1 | . . . . . . . . 1 . Self-Inflicted Damage 551 | . 50 . . 111 97 28 . . 265 Shots 17 | . 2 . . 4 2 1 . . 8 Rammed 1 | . . . . . . . . . 1 Targets Rammed 3 | . . . . 2 . . . . 1 Kicked 2 | . . . . 2 . . . . . Crushed . | . . . . . . . . . . Highest Temperature 581 | 80 216 166 480 581 252 324 342 248 211 Average Temperature 95 | 26 64 73 113 139 134 80 122 141 62 Received Heat Transfer 1348 | . 201 93 261 255 111 217 9 9 192 Effects 21 | . . . 6 7 3 2 . 3 . Shutdowns 3 | . . . 2 1 . . . . . Energy Bleed 3 | . . . . 3 . . . . . Interference 14 | . . . 3 3 3 2 . 3 . Matter Decay 1 | . . . 1 . . . . . . Siege Activations . | . . . . . . . . . . Martial Activations . | . . . . . . . . . . Shielding Activations . | . . . . . . . . . . Robots Disrupted . | . . . . . . . . . . Combat Hostiles . | . . . . . . . . . . Robots Corrupted 10 | . . . 2 1 1 1 1 1 3 Combat Hostiles 3 | . . . . . . 1 1 . 1 Parts Fried 40 | . 1 . 4 . 2 1 3 1 28 Impact Corruptions 21 | . . . 10 1 1 2 . 3 4 Robots Melted 1 | . . . . . 1 . . . . Combat Hostiles . | . . . . . . . . . . Parts Melted 7 | 2 . . . 2 1 2 . . . Heat Transferred 6249 | 703 440 222 1628 1456 800 600 200 . 200 Parts Sabotaged 2 | . . . . . . . . . 2 Parts Stolen . | . . . . . . . . . . Parts Stripped . | . . . . . . . . . . Power Chain Reactions 4 | . 2 . . 1 . 1 . . . Alert | -11 -10 -10 -8 -7 -6 -6 -6 -6 -6 ------- Run | Yrd Mat Sub Mat Fac Fac Ext Cet Arc Hub Maximum Alert Level 5 | . . . 1 1 1 3 3 2 5 Low Security (%) 70 | 100 100 . 95 55 96 60 . . 13 Level 1 18 | . . . 4 44 3 30 . 87 6 Level 2 6 | . . . . . . 4 66 12 39 Level 3 3 | . . . . . . 5 33 . 12 Level 4 1 | . . . . . . . . . 21 Level 5 . | . . . . . . . . . . High Security . | . . . . . . . . . 5 Max Security . | . . . . . . . . . . Peak Influence 1973 | 10 184 . 229 268 213 942 784 419 1973 Initial 524 | . . . 14 21 128 46 524 288 116 Average 176 | 1 88 . 50 137 119 199 637 370 755 Influence Increases 6940 | 50 434 40 685 665 439 1587 480 186 2374 Destroy 0b10 Robot/C 2920 | . 280 40 340 280 160 720 220 80 800 Destroy 0b10 Robot/NC 380 | 50 40 . 65 45 25 55 10 5 85 Destroy Leader 618 | . 80 . 108 118 48 106 10 . 148 Allied During Kill 1635 | . . . . . . 591 221 85 738 Successful Hack 226 | . 12 . 54 95 34 31 . . . Select Force Hacks 80 | . . . 30 . . . . . 50 Disable Machine 480 | . . . 45 90 90 15 . 15 225 Anti-Garrison Action 150 | . . . . . . . . . 150 Destroy Structure 361 | . 7 . 28 37 52 54 19 1 163 Lose Combat Pursuer 90 | . 15 . 15 . 30 15 . . 15 Influence Decreases 5046 | 50 356 90 664 452 606 746 696 572 814 Entered New Map 1325 | . . 38 14 28 134 49 412 432 218 Time Decay 2826 | 50 336 42 480 373 452 513 214 120 246 Lost Part 371 | . 20 10 20 51 20 70 10 . 170 Lost Ally 354 | . . . . . . 94 60 20 180 Purge Threat 170 | . . . 150 . . 20 . . . Squads Dispatched 37 | . 4 . 3 6 2 4 1 . 17 Investigation 8 | . 1 . 1 . . 1 1 . 4 Extermination 8 | . . . . 5 1 . . . 2 Reinforcement 10 | . 3 . 2 1 1 1 . . 2 Assault 10 | . . . . . . 2 . . 8 Garrison 1 | . . . . . . . . . 1 Intercept . | . . . . . . . . . . Searches Triggered . | . . . . . . . . . . Construction Impeded . | . . . . . . . . . . Haulers Reinforced . | . . . . . . . . . . Active Scanning Responses . | . . . . . . . . . . Cargo Convoy Interrupts . | . . . . . . . . . . Stealth | -11 -10 -10 -8 -7 -6 -6 -6 -6 -6 --------- Run | Yrd Mat Sub Mat Fac Fac Ext Cet Arc Hub Distress Signals 5 | . 1 . 2 . . . 1 . 1 Communications Jammed 1 | . . . . 1 . . . . . Distress Signals 1 | . . . . 1 . . . . . Times Spotted 203 | . 24 4 28 19 17 41 10 2 58 Peak Tracking Total 15 | . 7 2 4 5 5 9 5 1 15 Tactical Retreats 6 | . 1 . 1 . 2 1 . . 1 Traps | -11 -10 -10 -8 -7 -6 -6 -6 -6 -6 ------- Run | Yrd Mat Sub Mat Fac Fac Ext Cet Arc Hub Traps Triggered 11 | . 3 1 . 3 3 . . . 1 Indirectly . | . . . . . . . . . . Trap Hack Attempts . | . . . . . . . . . . Triggered . | . . . . . . . . . . Disarmed . | . . . . . . . . . . Reprogrammed . | . . . . . . . . . . Reused . | . . . . . . . . . . Traps Extracted . | . . . . . . . . . . Installed . | . . . . . . . . . . Triggered . | . . . . . . . . . . Machines | -11 -10 -10 -8 -7 -6 -6 -6 -6 -6 ---------- Run | Yrd Mat Sub Mat Fac Fac Ext Cet Arc Hub Machines Disabled 36 | . . 1 3 6 6 3 . 1 16 Max in Single Turn 9 | . . 1 1 3 5 1 . 1 9 Garrison Access 3 | . . . . . 1 . . . 2 Network Hub 2 | . . . . . . . . . 2 Machines Repaired . | . . . . . . . . . . Machines Dismantled . | . . . . . . . . . . Machines Sabotaged 1 | . . . . . . . . . 1 Overloaded Fab Kills . | . . . . . . . . . . Hacking | -11 -10 -10 -8 -7 -6 -6 -6 -6 -6 --------- Run | Yrd Mat Sub Mat Fac Fac Ext Cet Arc Hub Machines Accessed 53 | . 8 2 8 8 5 13 2 1 6 Terminals 39 | . 5 . 6 6 3 12 2 . 5 Fabricators 1 | . . . . 1 . . . . . Repair Stations 4 | . 1 . . 1 1 1 . . . Recycling Units 3 | . 2 . 1 . . . . . . Scanalyzers 1 | . . . 1 . . . . . . Garrison Access 2 | . . . . . 1 . . . 1 Total Hacks 182 | . 24 12 29 26 22 25 5 25 14 Successful 120 | . 9 12 22 17 15 13 1 25 6 Failed 62 | . 15 . 7 9 7 12 4 . 8 Catastrophic 6 | . 1 . . 2 . 2 . . 1 Database Lockouts . | . . . . . . . . . . Manual 83 | . 16 . 20 20 12 4 2 1 8 Terminals 112 | . 14 . 23 23 13 24 5 . 10 Fabricators 1 | . . . . 1 . . . . . Repair Stations 15 | . 6 . . 2 6 1 . . . Recycling Units 6 | . 4 . 2 . . . . . . Scanalyzers 4 | . . . 4 . . . . . . Garrison Access 7 | . . . . . 3 . . . 4 Terminal Hacks 63 | . . 12 5 4 2 13 1 25 1 Record 39 | . . 11 . 2 . . 1 25 . Prototype ID Bank 1 | . . . 1 . . . . . . Open Door 7 | . . . . . . 7 . . . Branch Access Points 4 | . . . 1 1 2 . . . . Terminal Index 1 | . . . 1 . . . . . . Unreport Threat 2 | . . . 1 . . 1 . . . Locate Traps 3 | . . . . . . 3 . . . Hauler Manifests 1 | . . . . 1 . . . . . Registered Prototypes 1 | . . . . . . 1 . . . Zone Layout 3 | . . . 1 . . 1 . . 1 Proto ID Catalog 1 | . . 1 . . . . . . . Fabricator Hacks . | . . . . . . . . . . Repair Station Hacks 9 | . 3 . . 2 4 . . . . Scan Component 5 | . 2 . . 1 2 . . . . Repair 4 | . 1 . . 1 2 . . . . Recycling Unit Hacks 1 | . . . 1 . . . . . . Retrieve Components 1 | . . . 1 . . . . . . Scanalyzer 4 | . . . 4 . . . . . . Insert Component 2 | . . . 2 . . . . . . Analyze 2 | . . . 2 . . . . . . Garrison Access Hacks 2 | . . . . . 1 . . . 1 Seal Access 2 | . . . . . 1 . . . 1 Unauthorized Hacks 41 | . 6 . 12 11 8 . . . 4 Terminals 37 | . 4 . 11 10 8 . . . 4 Track 1 | . . . . . . . . . 1 Assimilate 1 | . . . . . 1 . . . . Botnet 11 | . . . 4 4 3 . . . . Disrupt 1 | . . . . . . . . . 1 Operators 3 | . . . 1 1 1 . . . . Skim 18 | . 4 . 6 5 3 . . . . Sabotage 2 | . . . . . . . . . 2 Fabricators 1 | . . . . 1 . . . . . Fabnet 1 | . . . . 1 . . . . . Repair Stations . | . . . . . . . . . . Recycling Units 3 | . 2 . 1 . . . . . . Reject 1 | . 1 . . . . . . . . Recyclers 1 | . 1 . . . . . . . . Tunnel 1 | . . . 1 . . . . . . Scanalyzers . | . . . . . . . . . . Garrison Access . | . . . . . . . . . . Data Cores Recovered 2 | . . . 1 . . . . . 1 Used 1 | . . . . . . . . . 1 Hacking Detections 39 | . 8 . 6 6 4 8 3 . 4 Full Trace Events 4 | . 1 . . . . 1 1 . 1 Feedback Events 2 | . 1 . . . . . 1 . . Corruption 2 | . 1 . . . . . 1 . . Feedback Blocked . | . . . . . . . . . . Robot Schematics Acquired . | . . . . . . . . . . Robots Built . | . . . . . . . . . . Authchips . | . . . . . . . . . . Time . | . . . . . . . . . . Total Robot Build Rating . | . . . . . . . . . . Part Schematics Acquired 2 | . . . 2 . . . . . . Parts Built . | . . . . . . . . . . Authchips . | . . . . . . . . . . Time . | . . . . . . . . . . Total Part Build Rating . | . . . . . . . . . . Parts Repaired 4 | . 1 . . 1 2 . . . . Time 100 | . 26 . . 30 44 . . . . Parts Recycled . | . . . . . . . . . . Recycled Matter . | . . . . . . . . . . Retrieved Matter . | . . . . . . . . . . Retrieved Components 10 | . . . 10 . . . . . . Parts Scanalyzed 2 | . . . 2 . . . . . . Part Schematics Acquired 2 | . . . 2 . . . . . . Parts Damaged . | . . . . . . . . . . Bothacking | -11 -10 -10 -8 -7 -6 -6 -6 -6 -6 ------------ Run | Yrd Mat Sub Mat Fac Fac Ext Cet Arc Hub Used RIF Installer . | . . . . . . . . . . Robots Hacked 6 | . . . . . . 3 . . 3 Non-combat . | . . . . . . . . . . Combat 6 | . . . . . . 3 . . 3 Robot Hacks Applied . | . . . . . . . . . . Relay Couplers Released 3 | . . . . . . . . . 3 Machine Destruction 3 | . . . . . . . . . 3 Fabnet Peak Effective % 3 | . . . . . 3 3 3 3 3 Autooverrided 6 | . . . . . . 3 . . 3 Robots Rewired 4 | . . . . . . 4 . . . Allies Hacked 1 | . . . . . . . . . 1 Hacks Repelled . | . . . . . . . . . . Allies | -11 -10 -10 -8 -7 -6 -6 -6 -6 -6 -------- Run | Yrd Mat Sub Mat Fac Fac Ext Cet Arc Hub Total Allies 26 | . . . . . . 18 5 . 3 Largest Group 11 | . . . . . . 11 11 11 10 Highest-Rated Group 793 | . . . . . . 400 793 793 625 Highest-Rated Ally 159 | . . . . . . 159 159 159 96 Total Orders 2 | . . . . . . 2 . . . STAY 1 | . . . . . . 1 . . . AID 1 | . . . . . . 1 . . . Ally Attacks 364 | . . . . . . 148 56 25 135 Total Damage 9670 | . . . . . . 2951 1472 542 4705 Kills 77 | . . . . . . 27 10 4 36 Allies Corrupted 2 | . . . . . . . . . 2 Allies Melted . | . . . . . . . . . . Intel | -11 -10 -10 -8 -7 -6 -6 -6 -6 -6 ------- Run | Yrd Mat Sub Mat Fac Fac Ext Cet Arc Hub Active Infowar (turns) 10183 | 478 1006 706 1737 1895 1131 2240 447 140 403 Optics 5997 | . . . . 1894 1094 2240 447 140 182 Sensors 4854 | . . . 1056 1389 1041 1147 . . 221 Terrain 83 | . 83 . . . . . . . . Structural 1759 | . . . 1293 466 . . . . . Seismic 4096 | 478 923 706 973 715 301 . . . . Jamming 595 | . . . . 595 . . . . . Robot Analysis Total . | . . . . . . . . . . Derelict Logs Recovered . | . . . . . . . . . . Drone Launches . | . . . . . . . . . . Drone Recoveries . | . . . . . . . . . . Exploration | -11 -10 -10 -8 -7 -6 -6 -6 -6 -6 ------------- Run | Yrd Mat Sub Mat Fac Fac Ext Cet Arc Hub Turns Passed 11445 | 693 1276 933 2017 1906 1135 2240 447 244 554 Spaces Moved 6628 | 357 649 525 1020 1009 734 1550 232 187 365 Core 5 | 1 . . . . . . . . 4 Treads 3050 | 356 649 525 1020 500 . . . . . Legs 3573 | . . . . 509 734 1550 232 187 361 Wheels . | . . . . . . . . . . Hover . | . . . . . . . . . . Flight . | . . . . . . . . . . Fastest Speed 50 | 50 160 160 160 120 120 120 120 120 50 Average Speed 138 | 159 160 160 160 142 120 120 120 120 119 Slowest Speed 260 | 160 160 160 163 190 190 260 120 120 120 Overloaded Moves . | . . . . . . . . . . Propulsion Burnouts . | . . . . . . . . . . Robots Hopped . | . . . . . . . . . . Potential Cave-ins . | . . . . . . . . . . Cave-ins Triggered . | . . . . . . . . . . Exploration Rate (%) 56 | 16 100 32 55 27 21 97 73 98 42 Regions Visited 9 Branch Regions 5 Pre-discovered Areas 3 | . . . 2 1 . . . . . Known Exits Taken 6 | . . . 1 1 1 1 1 1 . Unknown Exits Taken 3 | 1 1 1 . . . . . . . Scrap Searched 2 | . . 2 . . . . . . . Spaces Dug 39 | . 1 . 10 13 13 1 1 . . Terrain Destroyed 395 | . 5 . 29 43 67 51 3 . 197 Melee 35 | . . . 7 13 13 1 1 . . Projectile 45 | . 1 . 22 1 5 8 2 . 6 AOE 315 | . 4 . . 29 49 42 . . 191 Terrain Rammed . | . . . . . . . . . . Walls Destroyed . | . . . . . . . . . . Machines Disabled . | . . . . . . . . . . Actions | -11 -10 -10 -8 -7 -6 -6 -6 -6 -6 --------- Run | Yrd Mat Sub Mat Fac Fac Ext Cet Arc Hub Total 8111 | 413 803 592 1270 1327 901 1830 343 204 428 Wait 494 | . 52 21 40 99 86 117 62 11 6 Move 6619 | 356 648 524 1019 1008 733 1549 231 186 365 Hop . | . . . . . . . . . . Pick Up 133 | 10 16 11 36 21 7 21 4 2 5 Fast Attach 42 | 6 2 . 4 13 5 9 1 . 2 Attach 38 | 1 2 2 7 7 5 7 1 . 6 Detach 9 | . 1 . . 1 2 2 1 . 2 Swap 201 | 1 20 7 46 60 15 38 5 1 8 Drop 151 | 1 18 13 46 35 6 20 4 2 6 Fire 302 | 38 44 14 59 61 25 31 11 1 18 Melee 101 | . . . 13 20 17 18 23 1 9 Ram 1 | . . . . . . . . . 1 Kick 2 | . . . . 2 . . . . . Crush . | . . . . . . . . . . Escape Stasis . | . . . . . . . . . . Rewire 18 | . . . . . . 18 . . . Trap . | . . . . . . . . . . Miscellaneous . | . . . . . . . . . . Route ------- -11/Scrapyard -10/Materials (discovered 6 exits: [*Mat x3] / [*Min x2] / *Sub) -10/Subcaves -8/Materials (discovered 3 exits: *Fac x3) -7/Factory (discovered 4 exits: *Fac x2 / Low x2) -6/Factory (discovered 4 exits: Low x2 / *Ext x2) -6/Extension (discovered 2 exits: *Fac / *Cet) -6/Cetus (discovered 2 exits: *Fac / *Arc) -6/Archives (discovered 3 exits: *Fac / *Hub x2) -6/Hub_04(d) (discovered 2 exits: *Fac x2) History --------- Turn | Location | Event 27 | -11/Scrapyard | Discovered new exit (range 13) 694 | -11/Scrapyard | Entered Materials 695 | -10/Materials | Build established: Mutant 811 | -10/Materials | Repaired Seismic Detector 896 | -10/Materials | Discovered new exit (range 9) 1429 | -10/Materials | Discovered new exit (range 3) 1432 | -10/Materials | Discovered new exit (range 7) 1567 | -10/Materials | Discovered new exit (range 12) 1821 | -10/Materials | Discovered new exit (range 16) 1960 | -10/Materials | Discovered new exit (range 6) 1970 | -10/Materials | Entered Subcaves 1971 | -10/Subcaves | Approached by a straggling Scientist 2202 | -10/Subcaves | Core integrity fell below 50% 2221 | -10/Subcaves | Visited 4L-MR0's lab 2237 | -10/Subcaves | Found Power Bank 2431 | -10/Subcaves | Visited Clippyterm 2436 | -10/Subcaves | Learned Research security intel 2668 | -10/Subcaves | Shifting Twisted Machinery released Ripper 2701 | -10/Subcaves | Shifting Twisted Machinery released Mak. Hacking Suite 2756 | -10/Subcaves | Shifting Twisted Machinery released Battle Rifle 2758 | -10/Subcaves | A swath of the cavern ceiling suddenly collapsed 2766 | -10/Subcaves | Shifting Twisted Machinery released Flamer 2886 | -10/Subcaves | Discovered new exit (range 7) 2902 | -10/Subcaves | A swath of the cavern ceiling suddenly collapsed 2903 | -10/Subcaves | Entered Materials 2903 | -8/Materials | Evolved 4 slots: Propulsion x1, Utility x2, Weapon x1 3222 | -8/Materials | Discovered new exit (range 9) 4790 | -8/Materials | Learned location of 1 exit from Recycling 4849 | -8/Materials | Learned location of Extension (-6) 4898 | -8/Materials | Identified exit to Factory 4920 | -8/Materials | Entered Factory 4920 | -7/Factory | Evolved 2 slots: Propulsion x1, Utility x1 6270 | -7/Factory | Identified exit to Lower Caves 6438 | -7/Factory | Learned location of Proximity Caves (-3) 6506 | -7/Factory | Identified exit to Factory 6566 | -7/Factory | Learned 2 Upper Caves zone layouts 6614 | -7/Factory | Learned location of 1 exit from Cetus 6639 | -7/Factory | Repaired Enh. Autogun 6651 | -7/Factory | Learned location of 1 exit from Lower Caves 6698 | -7/Factory | Learned Extension trap positions 6711 | -7/Factory | System corruption reached 10% 6754 | -7/Factory | Learned 2 Extension zone layouts 6757 | -7/Factory | Lost 3 parts (1n1u1w) 6821 | -7/Factory | Learned location of 2 exits from Factory 6826 | -7/Factory | Entered another Factory area 6826 | -6/Factory | Evolved 2 slots: Utility x2 6827 | -6/Factory | Identified exit to Lower Caves 6827 | -6/Factory | Identified exit to Extension 6882 | -6/Factory | Repaired Imp. Carbon-fiber Leg 6905 | -6/Factory | Repaired Imp. Carbon-fiber Leg 7047 | -6/Factory | Spotted B-75 Beast 7114 | -6/Factory | Build established: Assassin 7542 | -6/Factory | Allied Derelicts emerged from ambush trap array 7670 | -6/Factory | Lost 3 allies 7833 | -6/Factory | Found Prototype Launcher 7834 | -6/Factory | Identified Rocket Array 7961 | -6/Factory | Entered Extension 7963 | -6/Extension | Loaded intel: 17 trap records 8146 | -6/Extension | Rescued a captive Derelict 8161 | -6/Extension | Rescued a captive Derelict 8162 | -6/Extension | Rescued a captive Derelict 8282 | -6/Extension | Rescued a captive Derelict 8339 | -6/Extension | Rescued a captive Derelict 8340 | -6/Extension | Rescued a captive Derelict 8710 | -6/Extension | Spotted B-75 Beast 8719 | -6/Extension | Spotted B-75 Beast 8753 | -6/Extension | Allies destroyed B-75 Beast 8783 | -6/Extension | Lost 5 allies 8876 | -6/Extension | Rescued a captive Derelict 8876 | -6/Extension | Rescued a captive Derelict 9067 | -6/Extension | Rescued a captive Derelict 9070 | -6/Extension | Rescued a captive Derelict 9260 | -6/Extension | Lost 5 parts (3n1u1w) 9428 | -6/Extension | Discovered new exit (range 10) 9429 | -6/Extension | Discovered new exit (range 6) 9436 | -6/Extension | Identified exit to Cetus 9528 | -6/Extension | Rescued A7 9678 | -6/Extension | Build established: Hacker-Mutant 9897 | -6/Extension | Disrupted transfer network 10061 | -6/Extension | First assault squad dispatched 10087 | -6/Extension | Local machine network offline 10201 | -6/Extension | Entered Cetus 10201 | -6/Cetus | Accompanied by 9 allies (A7) 10202 | -6/Cetus | Identified exit to Archives 10206 | -6/Cetus | Acquired a Cetus Manufacturing Module code from A7 10215 | -6/Cetus | Spotted Cetus Guard 10215 | -6/Cetus | Spotted Cetus Guard 10215 | -6/Cetus | Spotted Cetus Guard 10218 | -6/Cetus | Spotted Cetus Guard 10222 | -6/Cetus | Allies destroyed Cetus Guard 10227 | -6/Cetus | Allies destroyed Cetus Guard 10234 | -6/Cetus | Destroyed Cetus Guard 10238 | -6/Cetus | Allies destroyed Cetus Guard 10337 | -6/Cetus | Started Cetus Manufacturing Module 10362 | -6/Cetus | Manufactured an Enhanced Grunt 10387 | -6/Cetus | Manufactured an Enhanced Grunt 10412 | -6/Cetus | Manufactured an Enhanced Grunt 10437 | -6/Cetus | Manufactured an Enhanced Grunt 10462 | -6/Cetus | Manufactured an Enhanced Grunt 10487 | -6/Cetus | Spotted Cetus Guard 10487 | -6/Cetus | Spotted Cetus Guard 10487 | -6/Cetus | Spotted Cetus Guard 10487 | -6/Cetus | Spotted Cetus Guard 10490 | -6/Cetus | Discovered new exit (range 22) 10494 | -6/Cetus | Allies destroyed Cetus Guard 10500 | -6/Cetus | Allies destroyed Cetus Guard 10502 | -6/Cetus | Allies destroyed Cetus Guard 10503 | -6/Cetus | Destroyed Cetus Guard 10517 | -6/Cetus | Met Revision 17 10536 | -6/Cetus | Identified exit to Factory 10648 | -6/Cetus | Entered Archives 10648 | -6/Archives | Accompanied by 11 allies (A7) 10703 | -6/Archives | Discovered new exit (range 22) 10712 | -6/Archives | Unable to access archive contents 10718 | -6/Archives | Discovered new exit (range 21) 10725 | -6/Archives | Unable to access archive contents 10735 | -6/Archives | Discovered exit to Factory (range 22) 10742 | -6/Archives | Unable to access archive contents 10763 | -6/Archives | Unable to access archive contents 10771 | -6/Archives | Build established: Commander-Mutant 10822 | -6/Archives | Identified exit to Hub_04(d) 10892 | -6/Archives | Entered Hub_04(d) 10892 | -6/Hub_04(d) | Accompanied by 9 allies 10953 | -6/Hub_04(d) | Discovered exit to Factory (range 19) 11036 | -6/Hub_04(d) | Lost 4 allies 11097 | -6/Hub_04(d) | Discovered exit to Factory (range 8) 11242 | -6/Hub_04(d) | First assault squad dispatched 11295 | -6/Hub_04(d) | Build established: Scavenger-Mutant 11373 | -6/Hub_04(d) | Network Hub disabled 11389 | -6/Hub_04(d) | Garrison activated, responded to threat 11390 | -6/Hub_04(d) | Spotted Lightning 11393 | -6/Hub_04(d) | Spotted Lightning 11393 | -6/Hub_04(d) | Spotted Lightning 11405 | -6/Hub_04(d) | Spotted Lightning 11413 | -6/Hub_04(d) | Network Hub disabled 11413 | -6/Hub_04(d) | Spotted Lightning 11413 | -6/Hub_04(d) | Spotted Lightning 11414 | -6/Hub_04(d) | High security lockdown imminent 11417 | -6/Hub_04(d) | Core integrity fell below 50% 11417 | -6/Hub_04(d) | System corruption reached 10% 11425 | -6/Hub_04(d) | Destroyed Lightning 11429 | -6/Hub_04(d) | Destroyed Lightning 11429 | -6/Hub_04(d) | Destroyed Lightning 11438 | -6/Hub_04(d) | Lost 4 allies 11444 | -6/Hub_04(d) | Core integrity fell below 20% 11446 | -6/Hub_04(d) | Destroyed by P-60 Hacker with Shock Rifle Last Messages --------------- 11439_ Dropped Lrg. Storage Unit. 11440_ The unstable cave ceiling collapses. 11440_ Penetrated by EMDS Slug. 11440_ Enh. Flexi-carbon Leg destroyed. 11441_ The unstable cave ceiling collapses. 11441_ M-28 Smith repairs Lightning. 11442_ The unstable cave ceiling collapses. 11442_ Transmission Jammer crushed. 11442_ The unstable cave ceiling collapses. 11442_ M-28 Smith repairs Lightning Imp. Weapon Shielding. 11443_ EMDS Slug penetrates Earth. 11443_ Hvy. Pick destroyed. 11444_ EMDS Slug penetrates Earth. 11445_ The unstable cave ceiling collapses. 11445_ Powered Hammer blown off. 11445_ Mak. Hacking Suite blown off. 11445_ E-15 Imp destroyed. 11445_ Slammed into D-53 Grenadier. 11445_ Destabilizing: System corrupted (+1). Map ----- +----------------------------------------------------+ | ?????????????????????????????????????????????????? | | ?????????????????????????????????????????????????? | | ?????????????????????????????????????????????????? | | ??????????????????????????? ????????????????????? | | ??????????????????????????? ????????????????????? | | ??????????????????????????? ????????????????????? | | ??????????????????????????? ????????????????????? | | ??????????????????????????# ????????????????????? | | ????????????????????# # ?# ????????????????????? | | ?????????????????? ] =????????????????????? | | ??????????????? " =%=??????????????????? | | ????????????? ""%" = """##?????????????? | | ??????????? "%" % "?????????????? | | ??????????? # ! %= " #???????????? | | ?????????? gb g [u ; #???????????? | | ?????????? g * *= ; #??????????? | | ?????????? =%=%%%% ???????????? | | ??????????## m %=== ???????????? | | ???????????# lg !!=*% ### #???????? | | ???????????# ;; hhg %!* #???????? | | ????????????#;;; g% [%= % ???????????? | | ????????????# R [ | #???????????? | | ????????????# [ # ?????????????? | | ????????????# !! = h " #?????????????????? | | ????????????# = =%/ d"T #?????????????????? | | ????????????# w =@ R #?????????????????? | | ????????????# p ##????????########## | | ????????????### # ##?????????# | | ??????????????# # ## *## #??????????# | | ??????????????#?####?# ## #??????????# | | ?????????????????????# ## #??????????# ###### | | ?????????????????? ?# ; #?????????????????# | | ## """ """ ## ;###?????????????????# | | ## ##"" ;#???????????????????# " | | " ## """ """ ##% =;#???????????????????# | | " ## ##+#;;;#######????????????#### | | " ## """ """ ## # !! #????????????# | | # ## # !! #????????????# | | #+####### """ "" ## # ! #????????????# | | ###### #[!#! " #????????????# ! | | # """ """=#*%#[ " " #????????????# | | / +!!+= " " #????????????## | | ###### """ """!#%%#%! #????????????## | | ##????# #*!#!= = #????????????#"= | | ###########+####""#%%##!##########??????????##= | | + ## ####! %!=# ???????????##% | | # """ ## " !%]%= # """ ""??????????????##* | | # ## "T ! # ??????????##%% | | + ## #### # """ """ ""??????????##[ | | # ### ###### ## ????????????## | +----------------------------------------------------+ Best States ------------- Heat Dissipation 56 Energy Generation 21 Energy Capacity 400 Matter Stores 300 Matter Capacity 300 Sight Range 22 Robot Scan Range 15 Terrain Scan Range 16 Terrain Scan Density 10 Jamming Range 12 Armor Coverage 450 Resistance: TH 15 Evasion (%) 55 Armor Integrity Analysis 30 Recoil Reduction 4 Offensive Hacking 33 Item Schematics ----------------- Seismic Detector | -8/Materials | Scanalyzed Concussive RPG | -8/Materials | Scanalyzed Robot Schematics ------------------ None Fabricated ------------ Nothing Repaired ---------- Seismic Detector | 55% | -10/Materials Enh. Autogun | 45% | -7/Factory Imp. Carbon-fiber Leg | 4% | -6/Factory Imp. Carbon-fiber Leg | 39% | -6/Factory Alien Tech Used ----------------- None Achievements -------------- Generalissimo Prison Break Project G-00 Revising The Future Challenges ------------ None Game ------ Seed GravmagReactionObliterator Manual? 0 Play Time 02:33:51 Cumulative 117.7 hours Start 2025.08.07 @ 02:10:34 End 2025.08.07 @ 14:03:48 Sessions 5 Manual Loads 0 Difficulty Rogue Special Mode None Game No. 130 Rogue 130 Adventurer 0 Explorer 0 Win Type - Total 0 Types 0/0/0/0/0/0/0/0/0/0 Lore% 61 Gallery% 44 Achievement% 37 Wizard Run 0 Options --------- Layout 1 ASCII 0 Keyboard 0 Movement Mouse Keybinds 0 Fullscreen 2 Font 48/Smallcaps Map View 50x35 Zoom Use 0% Tactical HUD 1 Map Filters NONE Filters NONE Steam 0 RUN: 8b785a18-f7de-4b78-964e-f157fb071ee4